Map: Deathaura LE

Players

Neeb

  • Race: Protoss Protoss
  • Spawn Location: 11:00

INnoVation - Winner!

  • Race: Terran Terran
  • Spawn Location: 5:00

Event: DreamHack SC2 Masters 2020 Summer Season Finals

VOD

Have the link to the VOD?

Description

Time

  • Played on: July 16, 2020, 1:54 p.m.
  • Length: 12:14

All games in this series

Show
View Real Time Build Order
Export as new Build Order

Neeb Protoss 

Build Orders: 1 Gate Expand 

Get SALT Encoding   

  12  0:00  Probe  
  13  0:13  Probe  
  14  0:18  Pylon  
  14  0:24  Probe  
  15  0:32  Probe  
  15  0:37  Gateway  
  15  0:40  Probe  
  16  0:47  Assimilator  
  17  0:51  Probe  
  18  1:03  Probe  
  19  1:15  Probe  
  20  1:24  Cybernetics Core  
  20  1:32  Nexus  
  20  1:36  Zealot  
  22  1:45  Pylon  
  22  1:48  Probe  
  23  1:57  Stalker  
  23  1:58  Gateway  
  23  2:08  Probe  
  25  2:18  Stalker, Assimilator  
  25  2:20  Probe, Warp Gate  
  29  2:37  Probe  
  29  2:45  Stalker  
  29  2:47  Probe  
  33  2:51  Probe  
  33  2:57  Stalker  
  35  3:03  Probe  
  36  3:09  Shield Battery  
  37  3:19  Gateway  
  36  3:26  Stalker  
  38  3:31  Stalker  
  39  3:39  Probe x2  
  41  3:45  Pylon  
  41  3:51  Shield Battery  
  41  3:52  Probe  
  43  3:59  Robotics Facility  
  43  4:02  Probe  
  38  4:10  Probe  
  38  4:13  Probe  
  38  4:18  Probe  
  38  4:21  Probe  
  39  4:26  Probe  
  39  4:27  Sentry x2  
  45  4:35  Probe  
  46  4:39  Stalker  
  46  4:41  Probe  
  46  4:43  Observer  
  49  4:47  Probe  
  49  4:51  Pylon  
  51  4:53  Probe  
  51  5:01  Stalker  
  51  5:04  Probe  
  53  5:08  Probe  
  54  5:16  Probe  
  54  5:19  Robotics Bay  
  54  5:20  Probe  
  56  5:25  Pylon, Observer  
  56  5:28  Probe  
  58  5:32  Assimilator  
  58  5:33  Probe  
  58  5:34  Assimilator  
  59  5:38  Warp Prism  
  59  5:40  Probe  
  60  5:45  Probe  
  63  5:52  Probe  
  64  5:57  Probe  
  64  6:00  Stalker x2  
  65  6:04  Probe  
  65  6:05  Disruptor  
  66  6:13  Observer  
  69  6:18  Gravitic Drive  
  69  6:19  Pylon  
  69  6:21  Pylon  
  69  6:27  Pylon  
  69  6:32  Colossus  
  69  6:38  Zealot  
  69  6:39  Zealot x2  
  81  6:49  Probe, Pylon  
  81  6:50  Probe  
  83  7:01  Probe, Pylon  
  84  7:02  Probe  
  84  7:07  Sentry  
  87  7:11  Stalker, Sentry  
  87  7:13  Probe  
  92  7:18  Probe  
  92  7:26  Probe  
  92  7:27  Extended Thermal Lance  
  93  7:30  Colossus  
  93  7:33  Probe  
  93  7:35  Nexus  
  93  7:37  Pylon  
  100  7:46  Probe  
  100  7:48  Probe  
  102  7:57  Stalker  
  102  7:58  Probe, Stalker  
  107  8:02  Stalker  
  107  8:05  Probe  
  110  8:06  Twilight Council  
  110  8:11  Probe  
  111  8:20  Probe  
  111  8:22  Stalker x2  
  111  8:24  Probe  
  111  8:32  Probe  
  102  8:36  Probe  
  102  8:41  Colossus  
  103  8:45  Blink  
  103  8:48  Probe  
  111  8:49  Stalker x3  
  111  8:55  Assimilator  
  116  8:57  Shield Battery, Assimilator  
  116  9:01  Gateway  
  116  9:10  Gateway  
  116  9:18  Colossus  
  116  9:19  Sentry  
  116  9:20  Stalker x2  
  122  9:26  Pylon  
  122  9:27  Pylon  
  122  9:35  Gateway  
  122  9:37  Gateway  
  128  9:41  Gateway  
  128  9:44  Gateway  
  128  9:45  Sentry  
  128  9:46  Sentry  
  127  10:01  Stalker x2  
  127  10:03  Pylon  
  127  10:04  Warp Prism  
  127  10:06  Stalker  
  133  10:12  Stalker x2  
  139  10:28  Stalker x2  
  143  10:31  Pylon  
  143  10:33  Stalker x3  
  149  10:38  Stalker x3  
  155  10:48  Stalker  
  157  11:04  Pylon  
  157  11:05  Pylon  
  157  11:06  Warp Prism  
  125  11:12  Stalker x6  
Show
View Real Time Build Order
Export as new Build Order

INnoVation Terran - Winner!

Build Orders: Liberator Opening 

Get SALT Encoding   

  12  0:00  SCV  
  13  0:13  SCV  
  14  0:18  Supply Depot  
  14  0:25  SCV  
  15  0:40  SCV  
  15  0:41  Barracks  
  16  0:46  Refinery  
  16  0:52  SCV  
  17  0:58  Refinery  
  17  1:04  SCV  
  18  1:16  SCV  
  19  1:28  Reaper, Orbital Command  
  20  1:36  Supply Depot  
  20  1:44  Factory  
  20  1:54  SCV  
  20  2:00  Barracks Reactor  
  21  2:06  SCV  
  22  2:12  Supply Depot  
  22  2:18  SCV  
  23  2:28  Factory Tech Lab  
  23  2:32  SCV, Starport  
  26  2:40  Reaper  
  26  2:44  SCV  
  26  2:47  Reaper  
  26  2:48  Widow Mine  
  29  2:52  Supply Depot  
  29  2:56  SCV  
  30  3:09  SCV, Medivac, Widow Mine  
  35  3:25  SCV  
  35  3:27  Command Center  
  36  3:31  Widow Mine  
  38  3:39  SCV, Liberator  
  42  3:46  Barracks  
  42  3:52  Widow Mine  
  43  4:02  Bunker  
  43  4:06  Barracks  
  43  4:14  SCV  
  42  4:26  Engineering Bay  
  42  4:27  SCV  
  42  4:28  Liberator  
  46  4:34  Barracks Tech Lab  
  44  4:40  Barracks Tech Lab  
  44  4:41  Orbital Command  
  45  4:54  Marauder  
  45  4:55  Concussive Shells, Barracks Tech Lab  
  46  5:03  Stimpack, Marauder  
  44  5:12  Barracks Reactor  
  41  5:15  SCV  
  41  5:16  Marauder  
  41  5:20  SCV  
  44  5:24  Marauder  
  44  5:27  Supply Depot  
  44  5:28  SCV  
  47  5:31  Terran Infantry Weapons Level 1  
  47  5:35  Missile Turret  
  47  5:36  SCV  
  47  5:40  SCV  
  51  5:43  Marauder  
  51  5:45  Marauder  
  51  5:46  Orbital Command  
  51  5:49  Marine x2  
  55  5:52  SCV  
  57  6:04  SCV  
  57  6:09  Supply Depot, Refinery  
  57  6:11  Refinery  
  57  6:13  SCV  
  57  6:15  Marine x2  
  57  6:16  SCV  
  61  6:21  Supply Depot  
  61  6:23  Supply Depot  
  61  6:25  SCV  
  61  6:28  Combat Shield  
  61  6:31  SCV, Marauder x2  
  61  6:32  Starport Reactor  
  67  6:34  Marine x2  
  69  6:40  SCV  
  69  6:43  SCV  
  71  6:47  Command Center  
  71  6:53  SCV  
  71  6:55  SCV  
  71  7:00  Marauder x2  
  76  7:03  Supply Depot  
  76  7:06  SCV  
  76  7:07  SCV  
  78  7:09  Medivac  
  78  7:10  Medivac, Marine x2  
  78  7:14  Supply Depot  
  84  7:19  SCV x2  
  85  7:26  Terran Infantry Armor Level 1  
  85  7:27  Marauder x2  
  85  7:28  Marine x2  
  89  7:32  SCV  
  89  7:33  Supply Depot  
  90  7:47  Barracks  
  90  7:49  Barracks  
  90  7:51  Medivac x2  
  94  7:52  SCV x2  
  94  7:56  Marauder x2  
  98  7:59  Supply Depot, Marine x2  
  98  8:04  SCV x2  
  102  8:16  SCV x2, Marine  
  102  8:17  Marine  
  102  8:18  Marauder x2  
  103  8:24  SCV  
  101  8:28  SCV  
  101  8:30  Medivac x2  
  101  8:36  SCV  
  101  8:37  Orbital Command  
  101  8:40  Barracks Reactor, SCV, Barracks Tech Lab  
  101  8:48  SCV  
  100  8:52  SCV  
  100  8:54  Missile Turret  
  100  8:55  Marauder x2  
  105  8:57  Marine x2  
  105  9:01  Missile Turret  
  105  9:02  Viking x2  
  111  9:04  SCV x2  
  111  9:06  SCV  
  111  9:09  Ghost Academy  
  114  9:18  Marauder x3  
  114  9:19  SCV x3  
  114  9:23  Marine x4  
  127  9:27  Supply Depot  
  127  9:28  Supply Depot  
  114  9:32  Supply Depot  
  114  9:33  Viking  
  114  9:36  Viking  
  118  9:41  Ghost x2  
  118  9:42  Ghost  
  124  9:48  Refinery  
  124  9:49  Refinery  
  124  9:58  Marine x4  
  124  9:59  Enhanced Shockwaves  
  121  10:10  Viking x2, Factory  
  125  10:16  Ghost x2  
  125  10:17  Marine x4  
  133  10:23  Ghost  
  135  10:29  SCV  
  135  10:30  SCV x2  
  135  10:34  Supply Depot  
  138  10:37  Marine x4  
  142  10:44  Viking x2  
  142  10:45  Marauder x2  
  150  10:53  Marauder  
  150  10:54  Command Center  
  152  10:59  Armory  
  150  11:04  Engineering Bay  
  137  11:12  Marauder x2, Marine x4  
  137  11:14  Marauder  
  129  11:20  SCV  
Tags
 
Add a new tag
Caveats
  • Supply blocks, unpowered buildings, or Contaminate may cause inaccurate times.
  • Supply counts are checked every 10 seconds.